 Dungeon Crawl Stone Soup version 0.28.0-53-g5a82cb258f (webtiles) character file.

Game seed: 14846679327489120500

170 infcreate the Sneak (level 5, 0/28 HPs)
             Began as a Vampire Enchanter on July 28, 2022.
             Slain by a gnoll
             ... wielding a +0 whip
              (3 damage)
             ... on level 3 of the Dungeon.
             The game lasted 00:06:19 (3724 turns).

infcreate the Sneak (Vampire Enchanter)             Turns: 3724, Time: 00:06:19

Health: 0/28       AC:  3    Str:  7    XL:     5   Next: 25%
Magic:  0/9        EV: 13    Int: 18    God:
Gold:   148        SH:  0    Dex: 16    Spells: 1/9 levels left

rFire   . . .      SeeInvis +   a - +1 dagger
rCold   + + .      Faith    .   (no shield)
rNeg    + + +      Spirit   .   b - +0 robe
rPois   ∞          Reflect  .   i - +0 helmet
rElec   .          Harm     .   (no cloak)
rCorr   .          Rampage  .   (no gloves)
Will    .....                   (no boots)
Stlth   +++++.....              (no amulet)
HPRegen 0.00/turn               (no ring)
MPRegen 0.11/turn               (no ring)

@: bloodless, inhibited regen
A: bloodless, fangs 3, see invisible, vampiric 2
a: Bat Form, Revivify


You were on level 3 of the Dungeon.
You visited 1 branch of the dungeon, and saw 3 of its levels.

You collected 148 gold pieces.


Innate Abilities, Weirdness & Mutations

You do not regenerate when monsters are visible.
You are frail without blood (-20% HP).
You can heal yourself when you bite living creatures.
You are immune to poison.
You have razor-sharp teeth.
You have supernaturally acute eyesight. (SInv)
You are afflicted with vampirism and can become a bat while bloodless.


   Skills:
 + Level 2.6 Short Blades
 + Level 3.3 Dodging
 + Level 5.7 Stealth
 + Level 2.8 Spellcasting
 + Level 5.5 Hexes


You had one spell level left.
You knew the following spells:

 Your Spells              Type           Power      Damage    Failure   Level
c - Confusing Touch       Hex            22%        N/A       5%          3
d - Tukima's Dance        Hex            22%        N/A       5%          3
e - Ensorcelled Hibernat  Hex/Ice        24%        N/A       9%          2

Your spell library contained the following spells:

 Spells                   Type           Power      Damage    Failure   Level
 Animate Skeleton         Necr           4%         N/A       17%         1
 Pain                     Necr           8%         1d4       17%         1
 Dazzling Flash           Conj/Hex       24%        N/A       16%         3
 Vampiric Draining        Necr           2%         2d6       45%         3

Inventory:

Hand Weapons
 a - a +1 dagger (weapon)
Armour
 b - a +0 robe (worn)
 i - a +0 helmet (worn)
Wands
 l - a wand of iceblast (9)
Scrolls
 d - a scroll of summoning {unknown}
 f - a scroll of identify {unknown}
 g - a scroll of fear {unknown}
 h - a scroll of blinking {unknown}
 m - a scroll of noise {unknown}
Potions
 c - 2 potions of invisibility
 e - a potion of lignification {unknown}
 j - a potion of curing {unknown}
 k - a potion of magic {unknown}

Dungeon Overview and Level Annotations

Branches:
Dungeon (3/15)

Altars:

... #..##. ... #..##. #.#
#..##. ##.######## #..##.
##### #.........#####..##.
#....# #..######...........
.J... #..# #..########.
#..####.J#### #..# #.
#.##....g..J@g.###..### #.
........#..###.##.....# #.
###.###.#..###.##.###.######.
#.# #†)........##.# #........
.....#.#.#.###.^##.###.###.###
..........#.# #..##.....# #.#
##...##.#.#.###...####### #.#
.... ...#.....†.#.# #.# ##.
###.###.###...# #.#


You could see 2 gnolls and 2 endoplasms.


Message History

You hit the gnoll but do no damage.
The gnoll is heavily wounded.
The endoplasm hits you.
* * * LOW HITPOINT WARNING * * *
The gnoll hits you with a +0 whip.
* * * LOW HITPOINT WARNING * * *
The endoplasm hits you.
* * * LOW HITPOINT WARNING * * *
You hit the gnoll but do no damage. You bite the gnoll.
You draw the gnoll's blood!
You feel better.
The gnoll is severely wounded.
The endoplasm closely misses you. The gnoll hits you with a +0 whip.
* * * LOW HITPOINT WARNING * * *
You hit the gnoll but do no damage.
The gnoll appears confused.
You bite the gnoll.
You draw the gnoll's blood!
You feel better.
The gnoll is almost dead.
The endoplasm freezes you.
You are frozen.
You resist.
* * * LOW HITPOINT WARNING * * *
The endoplasm freezes you.
You are frozen.
You resist.
* * * LOW HITPOINT WARNING * * *
Casting: Confusing Touch (quite dangerous; 5% risk of failure)
Confirm with . or Enter, or press ? or * to list all spells.
Aiming: Ensorcelled Hibernation (safe; 9% risk of failure)
Press: ? - help, Shift-Dir - straight line, f - endoplasm
Aim: an endoplasm (chance to affect: 63%)
The endoplasm resists with significant effort.
The gnoll hits you with a +0 whip.
You die...

Skill      XL: |  1  2  3  4 |
---------------+-------------+-----
Stealth        | 5 |  5.7
Short Blades   | 2 |  2.6
Hexes          | 5 |  5.5
Dodging        | 3 |  3.3
Spellcasting   | |  2.8

Action                   |  1- 3 |  4- 6 || total
-------------------------+-------+-------++-------
Melee: Dagger            |    78 |    89 ||   167
       Bite              |     4 |    13 ||    17
       Punch             |     1 |     1 ||     2
 Cast: Ensorcelled Hiber |    14 |    10 ||    24
       Confusing Touch   |       |    15 ||    15
       Tukima's Dance    |       |     4 ||     4
 Abil: Exsanguinate      |     1 |       ||     1
 Stab: Sleeping          |    22 |    18 ||    40
       Confused          |       |     3 ||     3
Armor: Robe              |    14 |    11 ||    25
Dodge: Dodged            |    38 |    44 ||    82

Levels and vault maps discovered:
D:1:      sevenhm_arrival_forest_fort_large_2, layout_basic,
          shapermc_ecumenical_altar_mp_highgroup
D:2:      layout_loops_cross, kennysheep_generic_room_2, uniq_jessica
D:3:      layout_loops_ring, eino_tiny_chamber, chequers_arboretum, uniq_robin

Notes
Turn   | Place    | Note
-------+----------+-------------------------------------------
     0 | D:1      | infcreate the Vampire Enchanter began the quest for the
                  | Orb.
     0 | D:1      | Reached XP level 1. HP: 13/13 MP: 3/3
   566 | D:1      | Reached XP level 2. HP: 12/15 MP: 5/5
   569 | D:1      | Learned a level 2 spell: Ensorcelled Hibernation
   796 | D:1      | Found a faded altar of an unknown god.
  1453 | D:2      | Noticed Jessica
  1804 | D:2      | Gained mutation: You are afflicted with vampirism and can
                  | become a bat while bloodless. [Vampire growth]
  1804 | D:2      | Reached XP level 3. HP: 19/19 MP: 3/6
  1877 | D:2      | Learned a level 3 spell: Confusing Touch
  2050 | D:2      | Reached skill level 5 in Stealth
  2178 | D:2      | Killed Jessica
  2179 | D:2      | Reached skill level 2 in Short Blades
  2179 | D:2      | Reached skill level 5 in Hexes
  2179 | D:2      | Reached XP level 4. HP: 24/24 MP: 7/7
  2196 | D:2      | Reached skill level 3 in Dodging
  2372 | D:3      | Noticed Robin
  2629 | D:2      | Learned a level 3 spell: Tukima's Dance
  2741 | D:2      | Killed Robin
  3321 | D:3      | Reached XP level 5. HP: 28/28 MP: 3/9
  3721 | D:3      | HP: 2/28 [endoplasm (1)]
  3724 | D:3      | Slain by a gnoll

Vanquished Creatures
  Jessica (D:2)
  Robin (D:2)
  A gnoll (D:3)
  2 adders
  A worm (D:2)
  A dart slug (D:3)
  5 orcs
  4 endoplasms
  A giant cockroach (D:1)
  11 goblins
  8 hobgoblins
  9 kobolds
  2 quokkas
  7 ball pythons
  7 bats
  2 frilled lizards (D:1)
  2 rats
65 creatures vanquished.

Vanquished Creatures (collateral kills)
  An orc wizard (D:3)
  An orc (D:3)
2 creatures vanquished.

Grand Total: 67 creatures vanquished

Table legend: (Time is in decaauts)
 A = Elapsed time spent in this place.
 B = Non-inter-level travel time spent in this place.
 C = Inter-level travel time spent in this place.
 D = Time resting spent in this place.
 E = Time spent auto-exploring this place.
 F = Levels seen in this place.
 G = Mean time per level.
                   A        B        C        D        E       F      G
               +--------+--------+--------+--------+--------+-----+--------+
         Total |   3717 |   3521 |    196 |   1173 |   1686 |   3 | 1239.0 |
       Dungeon |   3717 |   3521 |    196 |   1173 |   1686 |   3 | 1239.0 |
               +--------+--------+--------+--------+--------+-----+--------+

Top non-repeatable levels by time:
     D:2: 1521 daAuts
     D:1: 1510 daAuts
     D:3: 685 daAuts

Table legend:
 A = Non-vault XP
 B = Vault XP
 C = Vault XP percentage of total XP
 D = Non-vault monster count
 E = Vault monster count
 F = Vault count percentage of total count
                 A         B        C        D         E       F
            +---------+---------+-------+---------+---------+-------
      Total |     159 |      84 |  34.6 |      53 |      14 |  20.9
            +---------+---------+-------+---------+---------+-------
        D:1 |      31 |       0 |   0.0 |      19 |       0 |   0.0
        D:2 |      42 |      74 |  63.8 |      21 |       9 |  30.0
        D:3 |      86 |      10 |  10.4 |      13 |       5 |  27.8
            +---------+---------+-------+---------+---------+-------
